 Dungeon Crawl Stone Soup version 0.25.0-9-g26727b657a (webtiles) character file.

Game seed: 235342972208835256

3472 mopl the Ruffian (level 9, -5/85 HPs)
             Began as a Troll Arcane Marksman on June 16, 2020.
             Was a Believer of Okawaru.
             Slain by a troll (15 damage)
             ... on level 8 of the Dungeon.
             The game lasted 00:09:30 (5427 turns).

mopl the Ruffian (Troll Arcane Marksman)            Turns: 5427, Time: 00:09:30

Health: -5/85      AC:  7    Str: 20    XL:     9   Next: 79%
Magic:  9/10       EV: 10    Int:  9    God:    Okawaru [**....]
Gold:   453        SH:  0    Dex: 13    Spells: 9/10 levels left

rFire    . . .     SeeInvis .     - Unarmed
rCold    . . .     Gourm    +   (no shield)
rNeg     . . .     Faith    .   a - +0 robe
rPois    .         Spirit   .   (helmet restricted)
rElec    .         Reflect  .   K - +0 cloak
rCorr    +         Harm     .   (gloves unavailable)
MR       .....                  (boots unavailable)
Stlth    +.........             (no amulet)
HPRegen  0.64/turn              h - ring of resist corrosion
MPRegen  0.12/turn              g - +4 ring of slaying

@: very slightly contaminated, invisible
A: large, unfitting armour, claws 3, fast metabolism 3, gourmand, regeneration
1, shaggy fur 1, tough skin 3
a: Heroism, Renounce Religion


You were on level 8 of the Dungeon.
You worshipped Okawaru.
Okawaru was pleased with you.
You were full.

You visited 2 branches of the dungeon, and saw 9 of its levels.

You collected 453 gold pieces.

Inventory:

Hand Weapons
 b - a +0 hunting sling
 j - a +0 dagger of draining
Missiles
 c - 4 large rocks
 d - 3 throwing nets
 e - 88 stones
 n - 89 sling bullets
 r - 9 atropa-tipped darts
 G - 5 silver javelins
 I - 41 poisoned darts (quivered)
Armour
 a - a +0 robe (worn)
 C - a cursed +0 tower shield
 H - a +0 kite shield
 K - a +0 cloak (worn)
Jewellery
 g - a +4 ring of slaying (right claw)
 h - a ring of resist corrosion (left claw)
Wands
 B - a wand of enslavement (9)
 D - a wand of digging (4)
Scrolls
 k - 7 scrolls of remove curse
 o - 2 scrolls of fog {unknown}
 p - a scroll of noise {unknown}
 t - 10 scrolls of teleportation {unknown}
 u - 2 scrolls of amnesia {unknown}
 v - 2 scrolls of immolation {unknown}
 w - a scroll of enchant weapon {unknown}
 x - a scroll of enchant armour {unknown}
 y - a scroll of blinking {unknown}
 E - a scroll of random uselessness {unknown}
Potions
 i - a potion of curing
 l - 3 potions of mutation
 m - a potion of resistance
 s - a potion of magic
 z - a potion of heal wounds
 A - 2 potions of stabbing {unknown}
 F - a potion of brilliance {unknown}
 J - a potion of ambrosia
Comestibles
 f - 18 rations


   Skills:
 + Level 4.5 Fighting
 + Level 3.8(5.1) Slings
 + Level 6.8(7.6) Throwing
 - Level 1.5 Dodging
 + Level 3.2 Shields
 - Level 7.0 Unarmed Combat
 - Level 1.0 Spellcasting
 - Level 2.0 Hexes
 + Level 2.7 Invocations


You had 9 spell levels left.
You knew the following spells:

 Your Spells              Type           Power        Failure   Level  Hunger
a - Corona                Hex            #......      16%         1    ##.....

Your spell library contained the following spells:

 Spells                   Type           Power        Failure   Level  Hunger
 Slow                     Hex            #.......     24%         2    ###....
 Inner Flame              Hex/Fire       #.......     58%         3    ####...
 Portal Projectile        Hex/Tloc       #.....       58%         3    ####...
 Cause Fear               Hex            #.........   85%         4    #####..
 Leda's Liquefaction      Hex/Erth       #.........   94%         4    #####..


Dungeon Overview and Level Annotations

Branches:
Dungeon (8/15)             Temple (1/1) D:6
   Lair: D:8-11

Altars:
Ashenzari
Cheibriados
Fedhas
Gozag
Kikubaaqudgha
Nemelex Xobeh
Okawaru
Ru
Sif Muna
Trog
Vehumet
Zin

Shops:
D:5 [


Innate Abilities, Weirdness & Mutations

You are too large for most types of armour.
You have claws for hands.
Your metabolism is lightning-fast.
You like to eat raw meat.
Your natural rate of healing is unusually fast.
You are covered in fur. (AC +1)
You have extremely tough skin. (AC +3)


Message History

* * * LOW HITPOINT WARNING * * *
The orc throws a silver boomerang.
The silver boomerang hits the troll.
The weapon returns to the orc!
You claw the shadow imp!
You kill the shadow imp!
Okawaru accepts your kill.
You hear some strange, mumbled words.
A magic dart appears from out of thin air!
The magic dart hits the troll!
Unknown command.
You scratch the orc.
The orc is heavily wounded.
The orc throws a silver boomerang.
The silver boomerang hits the troll.
The weapon returns to the orc!
Something hits you but does no damage. The orc barely misses you.
You claw the orc!
You kill the orc!
Okawaru accepts your kill. The troll bites you!
You die...

#.#########........... #######
#.. #######.###. ##∩8∩8∩## #.#
#..##. #.$.$$$.# #.# ##.#.. ..
#8$$8.$8# #.# #.#.. ...#∩.$_...
#.# ###.... ...##.$/..####.#
##...#... ....##'''##.##)#
..........
............##@#.#######...##..
...........o'T{#...........##..
............####...........##..
........##### ...........###.
........# ...........###.
........###### ...........'...
.............# #..........###.
.............# #..........# #.
....###......####.......)..# ##


You could see a troll and an orc.

Vanquished Creatures
  The ghost of inmateoo the Cleaver, a novice MiBe of Trog (D:8)
  An ugly thing (D:7)
  2 sky beasts (D:6)
  An orc warrior (D:7)
  A phantom (D:5)
  2 ogres
  3 centaurs
  The ghost of StormphoenixUK the Cudgeler, an amateur DsAM (D:3)
  2 bullfrogs (D:6)
  A water moccasin zombie (D:5)
  5 scorpions
  3 wights (D:7)
  3 howler monkeys
  3 crimson imps
  5 quasits
  4 orc wizards
  3 bullfrog skeletons
  A centaur skeleton (D:7)
  2 orc priests (D:7)
  4 hounds
  2 worker ants
  A worker ant zombie (D:5)
  3 gnolls (D:6)
  3 adders
  2 shadow imps
  An ooze (D:3)
  2 adder zombies (D:6)
  3 worms (D:4)
  3 dart slugs
  3 leopard geckos
  10 orcs
  3 giant cockroaches
  4 goblins
  12 hobgoblins
  9 jackals
  9 kobolds
  3 quokkas
  3 ball pythons
  12 bats
  A frilled lizard (D:4)
  A jackal skeleton (D:4)
  2 quokka skeletons (D:4)
  8 rats
  A rat zombie (D:3)
149 creatures vanquished.

Vanquished Creatures (others)
  An orc wizard (D:7)
1 creature vanquished.

Grand Total: 150 creatures vanquished

Notes
Turn   | Place    | Note
-------+----------+-------------------------------------------
     0 | D:1      | mopl the Troll Arcane Marksman began the quest for the Orb.
     0 | D:1      | Reached XP level 1. HP: 18/18 MP: 1/1
   118 | D:1      | Reached skill level 1 in Fighting
   118 | D:1      | Reached XP level 2. HP: 24/27 MP: 2/2
   132 | D:1      | Reached skill level 1 in Unarmed Combat
   471 | D:1      | Reached XP level 3. HP: 32/33 MP: 3/3
  1353 | D:3      | Reached skill level 2 in Unarmed Combat
  1564 | D:3      | Noticed StormphoenixUK's ghost (amateur DsAM)
  1572 | D:3      | Found a transporter.
  1606 | D:3      | Reached XP level 4. HP: 41/41 MP: 4/4
  1714 | D:3      | Found a transporter.
  1747 | D:3      | Killed StormphoenixUK's ghost
  1747 | D:3      | Reached skill level 1 in Slings
  1747 | D:3      | Reached XP level 5. HP: 20/49 MP: 5/5
  1808 | D:3      | Reached skill level 3 in Unarmed Combat
  1821 | D:3      | Reached XP level 6. HP: 56/57 MP: 6/6
  2065 | D:3      | Found an ancient bone altar of Kikubaaqudgha.
  2701 | D:4      | Reached skill level 4 in Unarmed Combat
  2892 | D:5      | Entered Level 5 of the Dungeon
  2900 | D:5      | Reached XP level 7. HP: 59/66 MP: 7/7
  2935 | D:5      | Found a sacrificial altar of Ru.
  3100 | D:5      | Found a shimmering blue altar of Sif Muna.
  3159 | D:5      | Found Ciofrow's Armour Shop.
  3278 | D:5      | Reached skill level 5 in Unarmed Combat
  3280 | D:5      | Reached skill level 5 in Throwing
  3606 | D:6      | Reached XP level 8. HP: 49/75 MP: 8/8
  3634 | D:6      | Reached skill level 1 in Shields
  3738 | D:6      | Reached skill level 6 in Unarmed Combat
  4104 | D:6      | Found a staircase to the Ecumenical Temple.
  4113 | Temple   | Entered the Ecumenical Temple
  4180 | Temple   | Became a worshipper of Warmaster Okawaru
  4576 | D:7      | Reached XP level 9. HP: 52/84 MP: 9/9
  4616 | D:7      | Reached skill level 1 in Invocations
  4774 | D:7      | Noticed a red ugly thing
  4781 | D:7      | Killed a red ugly thing
  4781 | D:7      | Reached * piety under Okawaru
  4871 | D:7      | Reached skill level 7 in Unarmed Combat
  5395 | D:8      | Found a runed translucent gate.
  5395 | D:8      | Found a runed translucent gate.
  5396 | D:8      | Found a runed translucent gate.
  5397 | D:8      | Found an opulent altar of Gozag.
  5398 | D:8      | Noticed a troll
  5399 | D:8      | Noticed inmateoo's ghost (novice MiBe)
  5415 | D:8      | Killed inmateoo's ghost
  5415 | D:8      | Reached ** piety under Okawaru
  5427 | D:8      | Slain by a troll

Illustrated notes

Levels and vault maps discovered:
D:1:      dpeg_arrival_three_bigger_balls, layout_basic, minmay_pentomino_t2
D:2:      layout_rooms
D:3:      layout_loops_ring, lemuel_zombie_altar_kikubaaqudgha,
          gammafunk_ghost_stat_death, grunt_ministairs_14
D:4:      layout_basic, nicolae_overflow_hidden_temple, first_ration
D:5:      layout_cave_pools, lemuel_blue_sif_altar, kennysheep_mini,
          serial_shops, shop
D:6:      layout_basic, minmay_temple_entry_sparse_star
D:7:      layout_loops_ring, grunt_ogre_cave
D:8:      layout_basic, nicolae_dithmenos_the_darkroom,
          amethyst_overflow_temple_binary, lair_entry_dummy,
          ebering_ghost_gozag, basic_altar
Temple:   minmay_temple_curvy_loop

Skill      XL: |  1  2  3  4  5  6  7  8  9 |
---------------+----------------------------+-----
Fighting       | 1 2 3 4 |  4.5
Throwing       | 2 3 4 5 6 |  6.8
Unarmed Combat | 1 2 3 4 5 6 7 |  7.0
Slings         | 1 2 3 |  3.8
Shields        | 2 3 |  3.2
Invocations    | 2 |  2.7
Dodging        | |  1.5
Spellcasting   | |  1.0
Hexes          | |  2.0

Action                   |  1- 3 |  4- 6 |  7- 9 || total
-------------------------+-------+-------+-------++-------
Melee: Unarmed           |   180 |   102 |   238 ||   520
       Punch             |       |     3 |     4 ||     7
Throw: Large rock        |       |       |     1 ||     1
       Javelin           |       |       |     3 ||     3
Invok: Heroism           |       |       |     1 ||     1
  Use: Scroll            |     5 |       |     3 ||     8
       Potion            |       |       |     2 ||     2
 Stab: Sleeping          |     1 |     1 |       ||     2
       Distracted        |       |       |     1 ||     1
  Eat: Chunk             |    20 |    12 |    21 ||    53
Armor: Robe              |    82 |    69 |    77 ||   228
Dodge: Dodged            |    78 |    70 |   127 ||   275
